Map: Ulrena

Players

LilDicky - Winner!

  • Race: Terran Terran
  • League: Diamond

dirtydata

  • Race: Zerg Zerg
  • League: Platinum

VOD

http://www.twitch.tv/tumescentpie

Description

Time

  • Played on: Jan. 5, 2016, 8:19 p.m.
  • Length: 4:54
Show
View Real Time Build Order
Export as new Build Order

LilDicky Terran - Winner!

Build Orders:  

Get SALT Encoding   

  12  0:02  SCV  
  13  0:15  SCV  
  13  0:18  Supply Depot  
  14  0:28  Refinery  
  14  0:31  SCV  
  15  0:43  SCV  
  15  0:46  Barracks  
  16  0:59  SCV  
  17  1:18  Refinery  
  17  1:22  Barracks  
  17  1:23  Barracks  
  17  1:36  Reaper  
  18  1:43  Orbital Command  
  18  1:59  Supply Depot  
  18  2:08  Reaper  
  19  2:11  Reaper  
  19  2:15  Reaper  
  21  2:28  SCV  
  22  2:40  Reaper  
  22  2:43  Reaper  
  24  2:47  Reaper  
  25  3:12  Reaper  
  26  3:15  Reaper  
  26  3:19  Reaper  
  28  3:44  Reaper  
  28  3:47  Reaper  
  30  3:51  Reaper  
  30  3:53  Command Center, Barracks x2  
  31  4:30  Supply Depot  
Show
View Real Time Build Order
Export as new Build Order

dirtydata Zerg 

Build Orders: Hatch First 

Get SALT Encoding   

  12  0:02  Drone  
  13  0:14  Overlord  
  13  0:23  Drone  
  14  0:33  Drone x2  
  16  0:38  Drone  
  17  0:47  Drone  
  18  0:58  Hatchery  
  17  1:10  Spawning Pool  
  16  1:13  Drone  
  16  1:17  Drone  
  18  1:25  Drone  
  19  1:27  Extractor  
  18  1:33  Overlord  
  18  1:45  Drone  
  19  1:52  Drone  
  20  1:57  Queen  
  22  2:02  Drone  
  23  2:10  Queen  
  23  2:14  Zergling x4  
  27  2:30  Hatchery  
  25  2:47  Zergling x4  
  25  2:49  Drone x3  
  25  2:50  Drone  
  30  3:01  Zergling x4  
  30  3:03  Metabolic Boost  
  31  3:16  Zergling x4  
  29  3:23  Zergling x2  
  29  3:24  Zergling x4  
  29  3:35  Roach Warren  
  25  3:50  Drone x5  
  25  3:51  Drone x2  
  31  4:01  Queen  
  25  4:15  Roach x3  
Tags
 
Add a new tag
Caveats
  • Supply blocks, unpowered buildings, or Contaminate may cause inaccurate times.
  • Supply counts are checked every 10 seconds.